 Dungeon Crawl Stone Soup version 0.18.1-6-gd335043 (webtiles) character file.

142 HungrySpirit the Cutter (level 5, -5/29 HPs)
             Began as a Kobold Artificer on May 18, 2016.
             Slain by a gnoll (6 damage)
             ... on level 3 of the Dungeon.
             The game lasted 00:07:29 (3384 turns).

HungrySpirit the Cutter (Kobold Artificer)          Turns: 3384, Time: 00:07:29

Health: -5/29      AC:  5    Str: 11    XL:     5   Next: 50%
Magic:  8/8        EV: 13    Int: 10    God:
Gold:   118        SH:  0    Dex: 16    Spells: 0 memorised, 4 levels left

rFire  + . .     SeeInvis .     a - +0 short sword
rCold  . . .     Gourm    .     p - +0 ring mail
rNeg   . . .     Faith    .     (shield restricted)
rPois  .         Spirit   .     (no helmet)
rElec  .         Dismiss  .     (no cloak)
rCorr  .         Reflect  .     (no gloves)
SustAt .         Harm     .     (no boots)
MR     ++...                    m - amulet of magic regeneration
Stlth  +.........               l - ring of protection from magic
                                g - ring of protection from magic

@: very resistant to hostile enchantments, very unstealthy
A: hooves 1, carnivore 3, fire resistance 1
a: no special abilities


You were on level 3 of the Dungeon.
You were very full.

You visited 1 branch of the dungeon, and saw 3 of its levels.

You collected 118 gold pieces.

Inventory:

Hand Weapons
 a - a +0 short sword (weapon)
Armour
 p - a +0 ring mail (worn)
Jewellery
 g - a ring of protection from magic (left hand)
 l - a ring of protection from magic (right hand)
 m - an amulet of magic regeneration (around neck)
Wands
 c - a wand of flame (5/48)
 d - a wand of enslavement (4/24)
 e - a wand of random effects (13/48)
Scrolls
 b - a scroll of amnesia {unknown}
 i - a scroll of fear {unknown}
 j - a scroll of blinking {unknown}
 o - a scroll of recharging {unknown}
 q - 2 scrolls of identify {unknown}
 r - a scroll of remove curse {unknown}
 t - a scroll of enchant armour {unknown}
 u - a scroll of magic mapping {unknown}
Potions
 v - a potion of agility {unknown}
Comestibles
 f - 2 meat rations
 k - a royal jelly
 n - a beef jerky
 s - a slice of pizza


   Skills:
 - Level 1.1 Fighting
 * Level 5.2 Short Blades
 - Level 2.4 Dodging
 - Level 1.3 Stealth
 + Level 5.0 Evocations


You had 4 spell levels left.
You didn't know any spells.

Dungeon Overview and Level Annotations

Branches:
Dungeon (3/15)

Altars:
Ashenzari
Fedhas
Gozag
Qazlal
Trog

Annotations:
D:3 Statics's ghost, amateur OpTm


Innate Abilities, Weirdness & Mutations

You are small and have problems with some larger weapons.
You are carnivorous and can eat meat at any time.
You have large cloven feet.
Your flesh is heat resistant.


Message History

Your gnoll dies!
The gnoll hits you.
You hit the gnoll but do no damage. Your kick misses the gnoll.
The gnoll is severely wounded.
The gnoll barely misses you.
You hit the gnoll. Your kick misses the gnoll.
The gnoll is severely wounded.
The gnoll hits you!
* * * LOW HITPOINT WARNING * * *
You hit the gnoll but do no damage.
The gnoll is severely wounded.
The gnoll hits you!
* * * LOW HITPOINT WARNING * * *
Evoke which item? (* to show all) (? for menu, Esc to quit)
Zapping:
c - a wand of flame (6/48)
Press: ? - help, Shift-Dir - straight line, f/p - gnoll
Aim: a gnoll (severely wounded)
The puff of flame misses the gnoll.
This wand has 5 charges left.
The gnoll hits you.
You die...

.........)......................#
.......))..................>.....
................................#
.................................
........:.......................#
................................#
.####.......<...................#
. #.........†..)..............#
....(.....o..@g..............#
...............................
.........%......................
.......................
..........>..........
....................
...................
#################


You could see a gnoll and an orc.

Vanquished Creatures
  3 gnolls
  2 adders (D:2)
  An ooze (D:2)
  2 worms
  A dart slug (D:3)
  A giant gecko (D:1)
  6 orcs (D:3)
  A ball python (D:2)
  2 giant cockroaches
  4 goblins
  6 hobgoblins
  2 jackals (D:2)
  A quokka (D:2)
  8 bats
  3 giant newts
  18 kobolds
  3 rats (D:2)
64 creatures vanquished.

Vanquished Creatures (collateral kills)
  3 gnolls (D:3)
  An orc (D:3)
  A goblin (D:3)
  A hobgoblin (D:3)
  A bat (D:2)
7 creatures vanquished.

Vanquished Creatures (others)
  4 gnolls
4 creatures vanquished.

Grand Total: 75 creatures vanquished

Notes
Turn   | Place    | Note
--------------------------------------------------------------
     0 | D:1      | HungrySpirit the Kobold Artificer began the quest for the Orb.
     0 | D:1      | Reached XP level 1. HP: 12/12 MP: 3/3
   385 | D:1      | Reached XP level 2. HP: 11/16 MP: 4/4
   786 | D:1      | You fall through a shaft!
  1349 | D:2      | Reached XP level 3. HP: 20/20 MP: 6/6
  1501 | D:2      | Found a shattered altar of Ashenzari.
  1633 | D:2      | Reached XP level 4. HP: 25/25 MP: 7/7
  1673 | D:2      | Found a blossoming altar of Fedhas.
  1675 | D:2      | Found a stormy altar of Qazlal.
  2338 | D:3      | Found an opulent altar of Gozag.
  2669 | D:3      | Noticed Statics's ghost (amateur OpTm)
  2678 | D:3      | Reached XP level 5. HP: 23/29 MP: 8/8
  2687 | D:3      | Reached skill level 5 in Evocations
  2701 | D:3      | Gained mutation: Your flesh is heat resistant. [potion of beneficial mutation]
  2718 | D:2      | Gained mutation: You have large cloven feet. [potion of beneficial mutation]
  3073 | D:3      | Found a bloodstained altar of Trog.
  3337 | D:3      | Reached skill level 5 in Short Blades
  3383 | D:3      | HP: 1/29 [gnoll (7)]
  3384 | D:3      | Slain by a gnoll

Skill      XL: |  1  2  3  4  5 |
---------------+----------------+-----
Short Blades   | 2 3 4 5 |  5.2
Evocations     | 4 5 |  5.0
Fighting       | |  1.1
Dodging        | |  2.4
Stealth        | |  1.3

Action                   |  1- 3 |  4- 6 || total
-------------------------+-------+-------++-------
Melee: Short sword       |    95 |   174 ||   269
       Kick              |       |    11 ||    11
Evoke: Wand              |     6 |    17 ||    23
  Use: Potion            |       |     4 ||     4
 Stab: Sleeping          |     2 |       ||     2
  Eat: Chunk             |    11 |     3 ||    14
Armor: Leather armour    |     5 |       ||     5
       Ring mail         |    18 |    43 ||    61
Dodge: Dodged            |    79 |   104 ||   183
